 Dungeon Crawl Stone Soup version 0.19-a0-1292-g796ee4d (webtiles) character file.

95 mopl the Ruffian (level 4, 0/33 HPs)
             Began as a Ghoul Wanderer on Aug 30, 2016.
             Slain by Sigmund
             ... wielding a +0 scythe
              (11 damage)
             ... on level 2 of the Dungeon.
             The game lasted 00:03:06 (1124 turns).

mopl the Ruffian (Ghoul Wanderer)                   Turns: 1124, Time: 00:03:07

Health: 0/33       AC:  8    Str: 16    XL:     4   Next: 66%
Magic:  5/5        EV: 10    Int:  7    God:
Gold:   82         SH:  0    Dex:  8    Spells: 0 memorised, 6 levels left

rFire  . . .     SeeInvis .       - Unarmed
rCold  + . .     Gourm    .     c - +0 ring mail
rNeg   + + +     Faith    .     (no shield)
rPois  ∞         Spirit   .     (no helmet)
rElec  .         Dismiss  .     (no cloak)
rCorr  .         Reflect  .     (no gloves)
MR     .....     Harm     .     n - +2 pair of boots
Stlth  +.........               (no amulet)
                                (no ring)
                                (no ring)

@: rotting
A: rotting body, claws 1, carnivore 3, cold resistance 1, negative energy
resistance 3, slow regeneration 1, torment resistance, unbreathing
a: no special abilities


You were on level 2 of the Dungeon.
You were not hungry.

You visited 1 branch of the dungeon, and saw 2 of its levels.

You collected 82 gold pieces.

Inventory:

Hand Weapons
 d - a +0 club
Armour
 c - a +0 ring mail (worn)
 n - a +2 pair of boots (worn)
Scrolls
 e - a scroll of teleportation {unknown}
 l - 3 scrolls of identify {unknown}
Potions
 b - 4 potions of curing
 h - a potion of might {unknown}
 i - a potion of agility {unknown}
 j - a potion of degeneration {unknown}
 m - a potion of flight {unknown}
Books
 a - a Young Poisoner's Handbook

   Spells                             Type                      Level
   a - Sting                          Conjuration/Poison           1
   b - Mephitic Cloud                 Conjuration/Poison/Air       3
   c - Olgreb's Toxic Radiance        Poison                       4
   d - Alistair's Intoxication        Transmutation/Poison         5
   e - Venom Bolt                     Conjuration/Poison           5
Comestibles
 f - 2 meat rations
 g - 4 beef jerkies
 k - 5 chunks of flesh


   Skills:
   Level 2.6 Bows
 - Level 1.7 Armour
 - Level 1.1 Stealth
   Level 1.0 Shields
 + Level 4.5 Unarmed Combat
 - Level 1.7 Spellcasting
   Level 1.0 Poison Magic


You had 6 spell levels left.
You didn't know any spells.

Dungeon Overview and Level Annotations

Branches:
Dungeon (2/15)

Altars:
Yredelemnul

Annotations:
D:2 Sigmund


Innate Abilities, Weirdness & Mutations

Your body is rotting away.
You thrive on raw meat.
You are immune to poison.
You have sharp fingernails.
You are carnivorous and can eat meat at any time.
Your flesh is cold resistant. (rC+)
You are immune to negative energy. (rN+++)
You regenerate slowly when monsters are visible.
You are immune to unholy pain and torment.
You can survive without breathing.


Message History

Sigmund casts a spell at you. The magic dart hits you!
You scratch Sigmund.
Sigmund is almost dead.
Sigmund screams, "Die, monster!"
Sigmund hits you with a scythe.
You closely miss Sigmund.
Sigmund is almost dead.
Eat one of 5 chunks of flesh? (ye/n/q)
You start eating one of the 5 chunks of flesh.
Sigmund points at you and mumbles some strange words.
Keep eating?
You resist with some effort.
You continue eating.
Sigmund gestures wildly while chanting.
Sigmund flickers and vanishes!
Deactivating autopickup; reactivate with Ctrl-A.
You continue eating.
Something hits you!
You die...

.....###....### #
### .# #..........##
#.##.. .#
####.###.#...
#....## .# ##†#
#....# #.#####..###
##.# #..# ####..
#........÷.# #..
##.## #..
######.###.## #.#
#..# ##.. #..
#..###.# #.## ##..#
#... ##..##@# #.#
##..## ...#.
##..#{### #.# ##..##
#..##.
##.....###.####..##
##. #.
###.#..........## #
.# #.##..##....##
#>#..##..##.######
#.#.###.###......[
.##.#.##..##...##...
.............###....


There were no monsters in sight!

Vanquished Creatures
  Jessica (D:1)
  An adder (D:2)
  2 oozes
  A worm (D:2)
  2 dart slugs (D:2)
  2 giant geckos (D:1)
  2 ball pythons (D:2)
  5 bats
  A giant cockroach (D:2)
  8 goblins
  3 hobgoblins
  2 jackals (D:2)
  5 kobolds
  A quokka (D:2)
  4 giant newts
  4 rats
44 creatures vanquished.

Notes
Turn   | Place    | Note
-------+----------+-------------------------------------------
     0 | D:1      | mopl the Ghoul Wanderer began the quest for the Orb.
     0 | D:1      | mopl set off with: a Young Poisoner's Handbook, a potion of curing, a +0 ring mail, a +0 club, a meat ration
     0 | D:1      | Reached XP level 1. HP: 14/14 MP: 2/2
    29 | D:1      | Reached skill level 1 in Unarmed Combat
    39 | D:1      | Reached XP level 2. HP: 20/20 MP: 3/3
    61 | D:1      | Reached skill level 2 in Unarmed Combat
   191 | D:1      | Reached XP level 3. HP: 26/26 MP: 4/4
   426 | D:2      | Reached skill level 3 in Unarmed Combat
   534 | D:2      | Noticed Jessica
   743 | D:1      | Killed Jessica
   743 | D:1      | Reached skill level 4 in Unarmed Combat
   743 | D:1      | Reached XP level 4. HP: 17/31 MP: 5/5
   938 | D:2      | Found a basalt altar of Yredelemnul.
  1085 | D:2      | Noticed Sigmund
  1124 | D:2      | Slain by Sigmund

Vault maps used:
D:1:      dpeg_arrival_tiny_b
D:2:      old_standard_altar, first_bread, uniq_sigmund, uniq_jessica

Skill      XL: |  1  2  3 |
---------------+----------+-----
Unarmed Combat | 1 2 4 |  4.5
Bows           | |  2.6
Armour         | |  1.7
Stealth        | |  1.1
Shields        | |  1.0
Spellcasting   | |  1.7
Poison Magic   | |  1.0

Action                   |  1- 3 |  4- 6 || total
-------------------------+-------+-------++-------
Melee: Unarmed           |    95 |    74 ||   169
       Punch             |       |     1 ||     1
  Eat: Chunk             |     2 |     5 ||     7
Armor: Ring mail         |    43 |    37 ||    80
Dodge: Dodged            |    51 |    34 ||    85
